 Dungeon Crawl Stone Soup version 0.24.0-1-gfbc8707 (webtiles) character file.

Game seed: 13633127303710564349, levelgen mode: deterministic

10439 Illumine the Cleaver (level 11, 0/151 HPs)
             Began as a Minotaur Berserker on Nov 22, 2019.
             Was a High Priest of Trog.
             Slain by a komodo dragon (21 damage)
             ... on level 10 of the Dungeon.
             The game lasted 00:12:45 (7639 turns).

Illumine the Cleaver (Minotaur Berserker)           Turns: 7639, Time: 00:12:46

Health: 0/151      AC: 13    Str: 30    XL:     11   Next: 36%
Magic:  10/10      EV: 13    Int:  4    God:    Trog [*****.]
Gold:   406        SH:  0    Dex: 10    Spells: 10/10 levels left

rFire    . . .     SeeInvis .   a - +2 broad axe of Collusion {chop, rC++}
rCold    + + .     Gourm    .   (no shield)
rNeg     . . .     Faith    .   n - +0 chain mail
rPois    .         Spirit   .   (helmet restricted)
rElec    .         Reflect  .   g - +0 cloak
rCorr    .         Harm     .   (no gloves)
MR       .....                  (no boots)
Stlth    ..........             (no amulet)
HPRegen  0.35/turn              (no ring)
MPRegen  0.12/turn              (no ring)

@: berserking, very quick
A: retaliatory headbutt, horns 2
a: Berserk, Trog's Hand, Brothers in Arms, Renounce Religion


You were on level 10 of the Dungeon.
You worshipped Trog.
Trog was extremely pleased with you.
You were near starving.

You visited 1 branch of the dungeon, and saw 10 of its levels.
You also visited: Sewer.

You collected 406 gold pieces.

Inventory:

Hand Weapons
 a - the +2 broad axe of Collusion (weapon) {chop, rC++}
   (Trog gifted it to you on level 8 of the Dungeon)

   It inflicts extra damage upon your enemies.
   It greatly protects you from cold.
 b - a +4 arbalest of velocity
 x - the +8 whip of Hell's Wrath {slash, Stlth+}
   (You found it on level 7 of the Dungeon)

   It inflicts extra damage upon your enemies.
   It makes you more stealthy.
 A - a +0 battleaxe
Missiles
 f - 144 bolts
 C - 5 boomerangs (quivered)
Armour
 g - a +0 cloak (worn)
 n - a +0 chain mail (worn)
Jewellery
 F - an uncursed ring of protection from fire
Wands
 q - a wand of acid (13)
 w - a wand of clouds (6)
 y - a wand of enslavement (9)
 G - a wand of iceblast (14)
Scrolls
 d - a scroll of random uselessness
 e - a scroll of enchant armour {unknown}
 h - 5 scrolls of remove curse
 j - 2 scrolls of noise
 k - a scroll of magic mapping
 l - a scroll of fear
 m - 2 scrolls of teleportation
 o - a scroll of enchant weapon {unknown}
 u - a scroll of fog {unknown}
 v - a scroll of amnesia
 z - 2 scrolls of blinking
 D - a scroll of vulnerability {unknown}
 E - a scroll of torment
 J - 2 scrolls of identify
Potions
 p - 6 potions of curing
 r - 4 potions of flight
 s - a potion of agility
 t - 2 potions of magic
 B - 2 potions of lignification
 I - a potion of ambrosia
Comestibles
 c - 21 rations


   Skills:
 + Level 10.6 Fighting
 + Level 12.5 Axes
 + Level 2.6 Crossbows
 + Level 10.3 Armour
 + Level 9.5 Dodging


You had 10 spell levels left.
You didn't know any spells.
Your spell library was empty.

Dungeon Overview and Level Annotations

Branches:
Dungeon (10/15)              Lair (0/6) D:10          Sewer (visited)
 Temple: D:4-7          Orc: D:9-12

Altars:
Ashenzari
Dithmenos
Elyvilon
Gozag
Makhleb
Nemelex Xobeh
Okawaru
Ru
Sif Muna
Xom
Yredelemnul

Shops:
D:7 =

Annotations:
D:7 5 runed translucent doors


Innate Abilities, Weirdness & Mutations

You reflexively headbutt those who attack you in melee.
You have a pair of horns on your head.


Message History

The komodo dragon bites you.
* * * LOW HITPOINT WARNING * * *
You feel much better. The komodo dragon bites you!
* * * LOW HITPOINT WARNING * * *
You hit the komodo dragon but do no damage.
Your headbutt misses the komodo dragon.
The komodo dragon is lightly wounded.
The komodo dragon bites you!
* * * LOW HITPOINT WARNING * * *
Items here: [[ †† a +0 animal skin; +0 acid dragon scales; an acid dragon corpse a komodo dragon corpse A red film seems to cover your vision as you go berserk!
You feel yourself moving faster!
You feel mighty!
You are near starving!
The komodo dragon barely misses you.
You closely miss the komodo dragon. You headbutt the komodo dragon!
The komodo dragon is heavily wounded.
The komodo dragon bites you!!
You die...

.# #..... #.#
##.... ). #....
##. ##... ##.#
##.. #..# #..
##)##### ##.
#l#.(..# #.
##@####C# ##
#((.# #=c
#...... ###(##
)#)# # #......
#.#)# . # ## .
#...... ##.#(#
9# #..##.
....... #..#(# #
#....#
.......###.#.#
#.##...
.....#.#.#.#.#.#
#....##.
#..#...(.....#
#......#


You could see a komodo dragon.

Vanquished Creatures
  A centaur warrior (D:10)
  A cyclops (D:10)
  An ugly thing (D:10)
  Joseph (D:7)
  A gargoyle (D:10)
  A komodo dragon (D:10)
  A troll (D:9)
  Prince Ribbit (D:7)
  5 hippogriffs
  A shadow (D:10)
  4 yaks (D:9)
  Grum (D:10)
  A wraith (D:7)
  Menkaure (D:4)
  A steam dragon (D:9)
  An acid dragon (D:10)
  A water moccasin (D:10)
  5 orc warriors
  3 ice beasts
  A black bear (D:7)
  2 necrophages (D:7)
  2 wolves (D:10)
  5 phantoms
  An ogre (D:4)
  5 centaurs
  A big kobold (Sewer)
  4 bullfrogs
  A water moccasin zombie (D:10)
  2 scorpions
  5 killer bees (D:7)
  11 wights
  A howler monkey (D:6)
  7 crimson imps
  7 human zombies (D:7)
  A bullfrog zombie (D:10)
  A quasit (D:7)
  5 orc priests
  3 bullfrog skeletons
  A centaur zombie (D:4)
  A centaur skeleton (D:5)
  2 hounds
  2 jellies
  20 orc wizards
  3 iguanas
  A gnoll shaman (D:5)
  6 worker ants
  A hound zombie (D:7)
  A mummy (D:7)
  2 howler monkey skeletons
  10 gnolls
  4 river rats (Sewer)
  9 adders
  3 shadow imps
  2 oozes
  An adder skeleton (D:5)
  2 worms
  A dart slug (D:1)
  5 leopard geckos
  24 orcs
  3 ball pythons
  6 giant cockroaches
  6 goblins
  7 hobgoblins
  19 jackals
  4 quokkas
  2 ball python skeletons (D:5)
  11 bats
  5 frilled lizards
  A giant cockroach zombie (D:5)
  10 kobolds
  A leopard gecko skeleton (D:9)
  An orc zombie (D:7)
  A quokka skeleton (D:5)
  A quokka zombie (D:5)
  5 rats
281 creatures vanquished.

Vanquished Creatures (others)
  A centaur skeleton (D:8)
  An orc (D:9)
2 creatures vanquished.

Grand Total: 283 creatures vanquished

Notes
Turn   | Place    | Note
-------+----------+-------------------------------------------
     0 | D:1      | Illumine the Minotaur Berserker began the quest for the
                  | Orb.
     0 | D:1      | Reached XP level 1. HP: 19/19 MP: 0/0
    79 | D:1      | Reached XP level 2. HP: 10/27 MP: 1/1
   258 | D:1      | Reached skill level 4 in Axes
   698 | D:2      | Reached XP level 3. HP: 27/33 MP: 2/2
   794 | D:2      | Found a shimmering blue altar of Sif Muna.
   804 | D:2      | Reached ** piety under Trog
  1324 | D:3      | Found a shimmering altar of Xom.
  1514 | D:3      | Found a sacrificial altar of Ru.
  1526 | D:3      | Reached XP level 4. HP: 34/40 MP: 3/3
  1610 | D:3      | Reached skill level 5 in Axes
  1831 | D:4      | Reached XP level 5. HP: 43/47 MP: 4/4
  1847 | D:4      | Found a glowing drain.
  1858 | Sewer    | Entered a sewer
  2012 | Sewer    | Reached *** piety under Trog
  2080 | Sewer    | Found a white marble altar of Elyvilon.
  2162 | D:4      | Reached XP level 6. HP: 50/55 MP: 5/5
  2196 | D:4      | Reached skill level 5 in Fighting
  2196 | D:4      | Reached skill level 6 in Axes
  2315 | D:4      | Reached XP level 7. HP: 61/61 MP: 6/6
  2345 | D:4      | Noticed Menkaure
  2359 | D:4      | Killed Menkaure
  2359 | D:4      | Reached skill level 7 in Axes
  2699 | D:5      | Entered Level 5 of the Dungeon
  2699 | D:5      | Found a white marble altar of Elyvilon.
  2716 | D:5      | Reached skill level 5 in Armour
  2948 | D:5      | Found a shadowy altar of Dithmenos.
  2954 | D:5      | Reached **** piety under Trog
  3229 | D:6      | Reached skill level 8 in Axes
  3229 | D:6      | Reached XP level 8. HP: 57/70 MP: 7/7
  3235 | D:6      | Reached skill level 5 in Dodging
  3642 | D:6      | Reached skill level 9 in Axes
  4013 | D:7      | Reached XP level 9. HP: 38/79 MP: 8/8
  4024 | D:7      | Reached ***** piety under Trog
  4027 | D:7      | Found a basalt altar of Yredelemnul.
  4225 | D:7      | Reached skill level 10 in Axes
  4513 | D:7      | Found a burning altar of Makhleb.
  4524 | D:7      | Got a warped whip
  4527 | D:7      | Identified the +8 whip of Hell's Wrath {slash, Stlth+} (You
                  | found it on level 7 of the Dungeon)
  4530 | D:7      | Found a runed translucent door.
  4556 | D:7      | Found the +9 staff of Olgreb {rPois}
  4589 | D:7      | Found a runed translucent gate.
  4589 | D:7      | Found a runed translucent gate.
  4600 | D:7      | Found a runed translucent gate.
  4602 | D:7      | Found a runed translucent door.
  4629 | D:7      | Found Ciora's Jewellery Emporium.
  4632 | D:7      | Found an iron altar of Okawaru.
  4798 | D:7      | Noticed Prince Ribbit
  4798 | D:7      | Noticed Joseph
  4817 | D:7      | Killed Joseph
  4838 | D:7      | Killed Prince Ribbit
  4838 | D:7      | Reached skill level 11 in Axes
  5256 | D:8      | Received a gift from Trog
  5264 | D:8      | Reached XP level 10. HP: 68/90 MP: 9/9
  5271 | D:8      | Got a polished broad axe {god gift}
  5272 | D:8      | Identified the +2 broad axe of Collusion {chop, rC++} (Trog
                  | gifted it to you on level 8 of the Dungeon)
  5722 | D:8      | Found a shattered altar of Ashenzari.
  6878 | D:9      | Found an opulent altar of Gozag.
  6879 | D:9      | Found a sparkling altar of Nemelex Xobeh.
  7023 | D:10     | Entered Level 10 of the Dungeon
  7035 | D:10     | Reached skill level 10 in Fighting
  7035 | D:10     | Reached skill level 12 in Axes
  7039 | D:10     | Received a gift from Trog
  7270 | D:10     | Found a staircase to the Lair.
  7289 | D:10     | Noticed Grum
  7297 | D:10     | Killed Grum
  7297 | D:10     | Reached XP level 11. HP: 60/100 MP: 10/10
  7570 | D:10     | Reached skill level 10 in Armour
  7574 | D:10     | Reached skill level 1 in Crossbows
  7596 | D:10     | Identified the +7 falchion of Wowk {slice, +Fly rElec rC-
                  | Int+4}
  7596 | D:10     | Noticed a centaur warrior
  7620 | D:10     | Killed a centaur warrior
  7620 | D:10     | Noticed a purple ugly thing
  7630 | D:10     | Killed a purple ugly thing
  7639 | D:10     | Slain by a komodo dragon

Levels and vault maps discovered:
D:1:      saegor_arrival_simple_e, layout_basic, nrook_loot_triangle,
          minmay_tetromino_s4
D:2:      layout_loops_ring, marbit_many_paths, first_ration,
          kennysheep_small_spiral
D:3:      layout_basic, nicolae_ru_great_annihilating_truth, lemuel_round_altar,
          chequers_mini_garden
D:4:      layout_basic, minmay_temple_entry_gardened_gates,
          gup_sewer_entry_pipe, roderic_lattice_a, minmay_fountain_box,
          kennysheep_generic_room_7, uniq_menkaure
D:5:      minmay_spotlight, layout_cave_pools, nicolae_dithmenos_the_darkroom,
          overflow_temple_1_default
D:6:      layout_cave_pools, minmay_misc_feat_encased, due_unseen_surprise
D:7:      layout_basic, lemuel_mausoleum_altar_yredelemnul, okawaru_gym_becter,
          bloody_makhleb, serial_shops, shop, minmay_holes,
          minmay_guarded_unrand_staff_of_olgreb, uniq_prince_ribbit1,
          uniq_joseph
D:8:      layout_basic, kennysheep_mini_moat
D:9:      layout_small_grid, grunt_temple_overflow_opulence
D:10:     minmay_the_grid_triangle_9x9_recursive_2
          [minmay_the_grid_triangle_9x9_prize_center,
          minmay_the_grid_triangle_9x9_from_above,
          minmay_the_grid_triangle_9x9_odd_lines,
          minmay_the_grid_triangle_9x9_intruding_spiral], layout_irregular_city,
          lair_entry_dummy, uniq_grum

Skill      XL: |  1  2  3  4  5  6  7  8  9 10 11 |
---------------+----------------------------------+-----
Axes           | 4 5 6 8 9 11 12 | 12.5
Fighting       | 4 5 6 7 8 10 | 10.6
Armour         | 3 4 5 6 8 9 10 | 10.3
Dodging        | 3 4 6 7 9 |  9.5
Crossbows      | 2 |  2.6

Action                   |  1- 3 |  4- 6 |  7- 9 | 10-12 || total
-------------------------+-------+-------+-------+-------++-------
Melee: Hand axe          |   113 |   115 |   332 |       ||   560
       Headbutt          |    18 |    17 |    91 |    48 ||   174
       Battleaxe         |       |       |    47 |       ||    47
       Whip              |       |       |    19 |       ||    19
       Broad axe         |       |       |       |   229 ||   229
 Fire: Arbalest          |       |       |       |     5 ||     5
Invok: Berserk           |       |       |     4 |     3 ||     7
       Trog's Hand       |       |       |       |     1 ||     1
  Use: Scroll            |       |       |     3 |    15 ||    18
       Potion            |       |       |     1 |     3 ||     4
  Eat: Chunk             |     2 |     3 |     6 |    10 ||    21
       Ration            |       |       |     2 |       ||     2
Armor: Animal skin       |    19 |       |       |       ||    19
       Chain mail        |    28 |    58 |   188 |   119 ||   393
Dodge: Dodged            |    87 |    57 |   187 |   154 ||   485
